 Dungeon Crawl Stone Soup version 0.22-a0-346-ga714374 (webtiles) character file.

59 grindst0ne the Skirmisher (level 4, -2/37 HPs)
             Began as a Formicid Abyssal Knight on Apr 6, 2018.
             Was a Follower of Lugonu.
             Slain by an adder (3 damage)
             ... on level 2 of the Dungeon.
             The game lasted 00:01:53 (1016 turns).

grindst0ne the Skirmisher (Formicid Abyssal Knight) Turns: 1016, Time: 00:01:54

Health: -2/37      AC:  4    Str: 17    XL:     4   Next: 22%
Magic:  6/6        EV: 11    Int: 12    God:    Lugonu [*.....]
Gold:   76         SH:  0    Dex: 10    Spells: 3/3 levels left

rFire    . . .     SeeInvis +   k - -2 spear (curse)
rCold    + . .     Gourm    .   (no shield)
rNeg     . . .     Faith    .   b - +0 leather armour
rPois    .         Spirit   .   (helmet unavailable)
rElec    .         Reflect  .   (no cloak)
rCorr    .         Harm     .   d - +0 pair of gloves
MR       .....                  (no boots)
Stlth    ++........             (no amulet)
HPRegen  0.12/turn              h - ring of stealth
MPRegen  0.10/turn              i - ring of protection from cold

@: no status effects
A: permanent stasis, dig shafts and tunnels, four strong arms, antennae 3
a: Dig, Shaft Self, Depart the Abyss, Renounce Religion


You were on level 2 of the Dungeon.
You worshipped Lugonu.
Lugonu was aware of your devotion.
You were not hungry.

You visited 1 branch of the dungeon, and saw 2 of its levels.
You visited the Abyss 1 time.

You collected 76 gold pieces.

Inventory:

Hand Weapons
 a - a +1 falchion
 k - a cursed -2 spear (weapon)
Armour
 b - a +0 leather armour (worn)
 d - a +0 pair of gloves (worn)
Jewellery
 h - a ring of stealth (left hand)
 i - a ring of protection from cold (right hand)
Scrolls
 l - a scroll of identify {unknown}
 m - a scroll of teleportation {unknown}
Potions
 e - 2 potions of heal wounds {unknown}
 g - 2 potions of curing {unknown}
 j - 2 potions of haste {unknown}
 n - a potion of degeneration {unknown}
 o - a potion of resistance {unknown}
Comestibles
 c - 3 rations
 f - 3 chunks of flesh


   Skills:
 + Level 3.9 Fighting
 + Level 2.6 Long Blades
 + Level 2.9 Armour
 - Level 0.8 Dodging
 + Level 3.1 Invocations


You had 3 spell levels left.
You didn't know any spells.

Dungeon Overview and Level Annotations

Branches:
Dungeon (2/15)

Altars:


Innate Abilities, Weirdness & Mutations

You cannot be hasted, slowed, berserked, paralysed or teleported.
You can dig through walls and to a lower floor.
Your four strong arms can wield two-handed weapons with a shield.
You have a pair of large antennae on your head. (SInv)


Message History

The frilled lizard barely misses you.
An adder comes into view.
You closely miss the howler monkey.
The howler monkey is almost dead.
The howler monkey closely misses you. The howler monkey misses you.
The frilled lizard bites you but does no damage.
You hit the howler monkey.
The howler monkey is almost dead.
The howler monkey completely misses you.
The frilled lizard bites you but does no damage.
You hit the howler monkey.
You kill the howler monkey!
Lugonu accepts your kill.
Your Invocations skill increases to level 3!
You have reached level 4!
You feel stronger. The frilled lizard bites you.
* * * LOW HITPOINT WARNING * * *
The adder bites you.
You die...

........# ......>#
......# { .....#
?...# ...# { ###..#{
#l@..# #..S##.#
.....####.# ## ..#(
#....# ...
....###..#######....
.....#.......#.....
${.............#.#
............##..# .
...........###.##
##.


You could see an adder and a frilled lizard.

Vanquished Creatures
  A howler monkey (D:2)
  A dart slug (D:1)
  A leopard gecko (D:1)
  A goblin (D:1)
  A hobgoblin (D:1)
  A kobold (D:1)
  7 bats (D:1)
  2 frilled lizards (D:2)
  8 rats
23 creatures vanquished.

Notes
Turn   | Place    | Note
-------+----------+-------------------------------------------
     0 | Abyss:1  | grindst0ne the Formicid Abyssal Knight began the quest for the Orb.
     0 | Abyss:1  | Reached XP level 1. HP: 18/18 MP: 2/2
    42 | Abyss:1  | Noticed a starcursed mass
    44 | D:1      | Escaped the Abyss
    73 | D:1      | Reached * piety under Lugonu
   291 | D:1      | Reached XP level 2. HP: 24/24 MP: 3/3
   762 | D:1      | Reached XP level 3. HP: 28/29 MP: 4/4
  1011 | D:2      | HP: 1/30 [howler monkey (3)]
  1016 | D:2      | Reached XP level 4. HP: 2/37 MP: 6/6
  1016 | D:2      | HP: 1/37 [frilled lizard (1)]
  1016 | D:2      | Slain by an adder

Vault maps used:
D:1:      ncdulo_smallfort
D:2:      marbit_many_paths, corexii_shack

Skill      XL: |  1  2  3 |
---------------+----------+-----
Invocations    | 3 |  3.1
Fighting       | |  3.9
Long Blades    | |  2.6
Armour         | |  2.9
Dodging        | |  0.8

Action                   |  1- 3 |  4- 6 || total
-------------------------+-------+-------++-------
Melee: Falchion          |    26 |       ||    26
       Spear             |    55 |       ||    55
Invok: Depart the Abyss  |     1 |       ||     1
 Stab: Sleeping          |     4 |       ||     4
Armor: Leather armour    |    34 |       ||    34
Dodge: Dodged            |    84 |       ||    84
       Rpst.: Falchion   |    13 |       ||    13

Table legend:
 A = Spawn XP
 B = Non-spawn XP
 C = Spawn XP percentage of total XP
 D = Spawn monster count
 E = Non-spawn monster count
 F = Spawn count percentage of total count
 G = Total turns spent on level
                    A         B        C        D         E        F      G
               +---------+---------+-------+---------+---------+-------+---------
         Total |       0 |      85 |   0.0 |       0 |      23 |   0.0 |  1016
               +---------+---------+-------+---------+---------+-------+---------
           D:1 |       0 |      31 |   0.0 |       0 |      19 |   0.0 |   899
           D:2 |       0 |      54 |   0.0 |       0 |       4 |   0.0 |    73
               +---------+---------+-------+---------+---------+-------+---------
